 Dungeon Crawl Stone Soup version 0.21-a0-578-gc6e9d75 (webtiles) character file.

37 4thArraOfDagon the Firebug (level 3, 0/16 HPs)
             Began as a Vine Stalker Fire Elementalist on Dec 18, 2017.
             Was an Initiate of Cheibriados.
             Slain by an adder (4 damage)
             ... on level 3 of the Dungeon.
             The game lasted 00:02:26 (502 turns).

4thArraOfDagon the Firebug (VSFE)                    Turns: 502, Time: 00:02:27

Health: 0/16       AC:  3    Str: 11    XL:     3   Next: 39%
Magic:  0/7        EV: 12    Int: 22    God:    Cheibriados [......]
Gold:   38         SH:  0    Dex: 15    Spells: 5/6 levels left

rFire    . . .     SeeInvis .     - Unarmed
rCold    . . .     Gourm    .   (no shield)
rNeg     . . .     Faith    .   h - +0 leather armour (curse)
rPois    .         Spirit   +   (no helmet)
rElec    .         Reflect  .   (no cloak)
rCorr    .         Harm     .   (no gloves)
MR       +....                  (no boots)
Stlth    ++........             (no amulet)
HPRegen  0.05/turn              g - ring of protection from magic
MPRegen  0.10/turn              (no ring)

@: brilliant, very slightly contaminated, very slow
A: fangs 2, magic shield, antimagic bite, no potion heal 3, rot immunity
a: Bend Time, Renounce Religion


You were on level 3 of the Dungeon.
You worshipped Cheibriados.
Cheibriados was noncommittal.
You were not hungry.

You visited 1 branch of the dungeon, and saw 3 of its levels.

You collected 38 gold pieces.

Inventory:

Armour
 a - a +0 robe
 h - a cursed +0 leather armour (worn)
Jewellery
 g - a ring of protection from magic (left hand)
Scrolls
 d - 2 scrolls of teleportation {unknown}
Books
 b - a book of Flames

   Spells                             Type                      Level
   a - Flame Tongue                   Conjuration/Fire             1
   b - Throw Flame                    Conjuration/Fire             2
   c - Conjure Flame                  Conjuration/Fire             3
   d - Inner Flame                    Hexes/Fire                   3
   e - Sticky Flame                   Conjuration/Fire             4
   f - Fireball                       Conjuration/Fire             5
Comestibles
 c - 2 rations


   Skills:
 - Level 1.5 Dodging
 - Level 2.4 Stealth
 * Level 2.6 Unarmed Combat
 - Level 2.2 Spellcasting
 - Level 1.2 Conjurations
 - Level 3.1 Fire Magic


You had 5 spell levels left.
You knew the following spells:

 Your Spells              Type           Power        Failure   Level  Hunger
a - Flame Tongue          Conj/Fire      ####.        1%          1    #......


Dungeon Overview and Level Annotations

Branches:
Dungeon (3/15)

Altars:
Cheibriados


Innate Abilities, Weirdness & Mutations

You have extremely sharp teeth.
When hurt, damage is shared between your health and your magic reserves.
Your bite disrupts and absorbs the magic of your enemies.
Potions cannot restore your health.
You are immune to rotting.


Message History

Aim: an adder (heavily wounded)
The flame tongue hits the adder.
The adder is heavily wounded.
The adder bites you.
It was a potion of brilliance.
You feel clever all of a sudden. The adder closely misses you.
The adder bites you but does no damage.
Unknown command.
It was a potion of curing.
Your system rejects the healing.
You feel better. The adder bites you.
Unknown command.
The adder closely misses you.
Unknown command.
Unknown command.
The adder bites you.
* * * LOW HITPOINT WARNING * * *
Unknown command.
Unknown command.
The adder bites you.
You die...

........#
......$.#
........#
........########
.................
###..#...#####...
#.......# #...
#.####S.###..#
#@>##..# #[.##.#
##....# ##.....##
#.....<.#
#.......#
#.......#
#......##
........#


You could see an adder.

Vanquished Creatures
  2 adders (D:2)
  An ooze (D:1)
  An orc (D:2)
  A giant cockroach (D:1)
  A goblin (D:1)
  A hobgoblin (D:1)
  4 bats (D:1)
  A frilled lizard (D:3)
  3 rats
15 creatures vanquished.

Notes
Turn   | Place    | Note
-------+----------+-------------------------------------------
     0 | D:1      | 4thArraOfDagon the Vine Stalker Fire Elementalist began the quest for the Orb.
     0 | D:1      | Reached XP level 1. HP: 9/9 MP: 4/4
    27 | D:2      | Found a snail-covered altar of Cheibriados.
    35 | D:2      | Became a worshipper of Cheibriados the Contemplative
   156 | D:1      | Reached skill level 1 in Unarmed Combat
   156 | D:1      | Reached XP level 2. HP: 9/13 MP: 0/6
   331 | D:2      | Reached XP level 3. HP: 11/16 MP: 2/7
   502 | D:3      | Slain by an adder

Vault maps used:
D:1:      lemuel_arrival_behind_the_door_small
D:2:      lemuel_round_altar
D:3:      portal_sewer_entry_b, kennysheep_generic_room_8,
          uniq_crazy_yiuf_cottage

Skill      XL: |  1  2 |
---------------+-------+-----
Unarmed Combat | 1 2 |  2.6
Dodging        | |  1.5
Stealth        | |  2.4
Spellcasting   | |  2.2
Conjurations   | |  1.2
Fire Magic     | |  3.1

Action                   || total
-------------------------++-------
Melee: Unarmed           ||     9
       Bite              ||     1
 Cast: Flame Tongue      ||    32
  Use: Potion            ||     2
Armor: Leather armour    ||     7
       Robe              ||     1
Dodge: Dodged            ||    21

Table legend:
 A = Spawn XP
 B = Non-spawn XP
 C = Spawn XP percentage of total XP
 D = Spawn monster count
 E = Non-spawn monster count
 F = Spawn count percentage of total count
 G = Total turns spent on level
                    A         B        C        D         E        F      G
               +---------+---------+-------+---------+---------+-------+---------
         Total |       0 |      53 |   0.0 |       0 |      15 |   0.0 |   502
               +---------+---------+-------+---------+---------+-------+---------
           D:1 |       0 |      21 |   0.0 |       0 |       9 |   0.0 |   232
           D:2 |       0 |      31 |   0.0 |       0 |       5 |   0.0 |   245
           D:3 |       0 |       1 |   0.0 |       0 |       1 |   0.0 |    25
               +---------+---------+-------+---------+---------+-------+---------
